 Dungeon Crawl Stone Soup version 0.24.0-29-g8ce449bc06 (webtiles) character file.

Game seed: 4472292877908324975, levelgen mode: deterministic

6607 Delamore the Severer (level 11, -3/84 HPs)
             Began as a Hill Orc Fighter on Nov 15, 2019.
             Was a Believer of Qazlal.
             Killed by divine providence
             ... invoked by an orc priest
              (12 damage)
             ... on level 11 of the Dungeon.
             The game lasted 00:19:38 (10543 turns).

Delamore the Severer (Hill Orc Fighter)            Turns: 10543, Time: 00:19:39

Health: -3/84      AC: 20    Str: 28    XL:     11   Next: 2%
Magic:  11/11      EV:  5    Int:  8    God:    Qazlal [**....]
Gold:   718        SH: 17    Dex: 10    Spells: 10/10 levels left

rFire    . . .     SeeInvis .   y - +0 hand axe (vamp)
rCold    + . .     Gourm    .   c - +0 shield
rNeg     . . .     Faith    .   Q - +2 plate armour {rC+}
rPois    +         Spirit   .   w - +0 helmet
rElec    .         Reflect  .   A - +0 cloak
rCorr    .         Harm     .   U - +0 pair of gloves
MR       .....                  t - +0 pair of boots
Stlth    ..........             (no amulet)
HPRegen  0.24/turn              h - ring of poison resistance
MPRegen  0.12/turn              W - +3 ring of strength

@: very slightly contaminated
A: claws 1, large bone plates 1, slimy green scales 1, strong 1, no potion heal
1
a: Upheaval, Renounce Religion, Convert to Beogh


You were on level 11 of the Dungeon.
You worshipped Qazlal.
Qazlal was pleased with you.
You were hungry.

You visited 2 branches of the dungeon, and saw 12 of its levels.
You also visited: Ossuary.

You collected 718 gold pieces.

Inventory:

Hand Weapons
 a - a +0 war axe
 y - a +0 vampiric hand axe (weapon)
Missiles
 r - 37 poisoned darts (quivered)
Armour
 c - a +0 shield (worn)
 t - a +0 pair of boots (worn)
 w - a +0 helmet (worn)
 A - a +0 cloak (worn)
 O - the +1 leather armour "Cyrri" {rF+ Regen+ Dex+3}
   (You found it on level 5 of the Dungeon)

   It affects your dexterity (+3).
   It protects you from fire.
   It increases your rate of regeneration.
 Q - a +2 plate armour of cold resistance (worn)
 U - a +0 pair of gloves (worn)
Jewellery
 h - a ring of poison resistance (left hand)
 j - an uncursed ring of see invisible
 n - a +2 ring of evasion
 x - an uncursed ring of resist corrosion
 W - a +3 ring of strength (right hand)
Wands
 b - a wand of flame (32)
 g - a wand of acid (5)
 z - a wand of random effects (11)
 P - a wand of iceblast (7)
Scrolls
 e - 3 scrolls of fog
 i - 4 scrolls of teleportation
 k - 4 scrolls of remove curse
 m - 3 scrolls of amnesia
 o - a scroll of identify
 p - 2 scrolls of enchant armour
 s - 7 scrolls of immolation
 u - a scroll of vulnerability {unknown}
 B - 2 scrolls of magic mapping
 E - a scroll of holy word
 G - a scroll of torment
 K - 3 scrolls of fear
 L - 2 scrolls of enchant weapon
Potions
 d - a potion of might
 l - 4 potions of invisibility {unknown}
 q - 3 potions of lignification
 v - 3 potions of brilliance {unknown}
 C - 3 potions of cancellation
 D - a potion of degeneration
 F - 2 potions of berserk rage {unknown}
 H - 2 potions of curing {unknown}
 J - a potion of agility {unknown}
 M - a potion of magic {unknown}
 N - 2 potions of flight {unknown}
 R - a potion of mutation
 V - a potion of resistance {unknown}
Comestibles
 f - 20 rations


   Skills:
 + Level 4.3 Fighting
 - Level 19.1 Axes
 + Level 3.9 Armour
 - Level 3.2 Shields


You had 10 spell levels left.
You didn't know any spells.
Your spell library contained the following spells:

 Spells                   Type           Power        Failure   Level  Hunger
 Confusing Touch          Hex            #.....       100%        1    ##.....
 Confuse                  Hex            #.......     100%        3    ####...
 Gell's Gravitas          Tloc           #.........   100%        3    ####...
 Petrify                  Tmut/Erth      #.......     100%        4    #####..
 Metabolic Englaciation   Hex/Ice        #.........   100%        5    ######.
 Yara's Violent Unravell  Hex/Tmut       #.........   100%        5    ######.


Dungeon Overview and Level Annotations

Branches:
Dungeon (11/15)            Temple (1/1) D:4            Lair (0/6) D:11
Ossuary (visited)
    Orc: D:9-12

Altars:
Ashenzari
Cheibriados
Dithmenos
Elyvilon
Fedhas
Gozag
Hepliaklqana
Kikubaaqudgha
Makhleb
Nemelex Xobeh
Okawaru
Qazlal
Ru
Sif Muna
Trog
Uskayaw
Vehumet
Wu Jian
Xom
Yredelemnul
Zin
The Shining One

Shops:
D:9 }

Annotations:
D:5 Prince Ribbit


Innate Abilities, Weirdness & Mutations

You have sharp fingernails.
You are partially covered in large bone plates. (SH +4)
You are partially covered in slimy green scales. (AC +2)
Your muscles are strong. (Str +2)
Potions are less effective at restoring your health.


Message History

* * * LOW HITPOINT WARNING * * *
The electric eel shoots out a bolt of lightning at you!
The bolt of electricity misses you.
Okay, then.
Blink to where?
Press: ? - help, Dir - move target cursor You are very lightly contaminated with residual magic.
As you read the scroll of blinking, it crumbles to dust.
You hear a shout!
An orc priest comes into view.
You hear a croak.
Okay, then.
A bullfrog, an orc and an orc wizard come into view.
The orc wizard shouts!
The orc shouts!
The orc wizard moves out of view.
Found a stone staircase leading down.
You barely miss the orc.
The orc priest calls down the wrath of Beogh upon you.
Beogh smites you!
You die...

≈≈.≈≈≈≈......<........
≈≈≈≈≈≈...^.##)...O.##.
≈≈≈.≈≈≈...###......#
≈≈≈≈......# .......#
≈≈≈≈...............#
≈≈≈≈.......<.#..##...
............##...#...
..........####.......
#..........@.......
.......##o......
......# o.##... ......
..# . ..... ..F .....
##.. .... ... .##.
.>.#


You could see a bullfrog, an orc priest and an orc.

Vanquished Creatures
  A two-headed ogre (D:10)
  Pikel (D:6)
  A hippogriff (D:9)
  2 wyverns
  A spriggan (D:8)
  Eustachio (D:6)
  3 yaks (D:9)
  Menkaure (D:7)
  A water moccasin (D:5)
  2 orc warriors
  2 sky beasts (D:8)
  A slave (D:6)
  A hornet zombie (D:9)
  4 ice beasts
  2 phantoms
  3 ogres
  2 wolves (D:11)
  2 centaurs
  2 bullfrogs (D:8)
  A scorpion (D:4)
  12 killer bees
  2 howler monkeys (D:7)
  11 crimson imps
  A jelly (D:5)
  7 hounds
  Crazy Yiuf (D:7)
  6 orc priests
  5 orc wizards
  3 bullfrog skeletons
  2 gnoll shamans
  Ijyb (D:5)
  Terence (D:2)
  5 worker ants
  A killer bee zombie (D:7)
  A hound skeleton (D:9)
  8 mummies (Ossuary)
  A howler monkey zombie (D:9)
  5 gnolls
  13 adders
  5 shadow imps
  An ooze (D:3)
  3 adder skeletons
  2 worms
  A dart slug (D:2)
  5 leopard geckos
  31 orcs
  7 bats
  3 giant cockroaches
  2 gnoll zombies (Ossuary)
  7 goblins
  10 hobgoblins
  3 quokkas
  2 ball pythons (D:3)
  7 frilled lizards
  A hobgoblin zombie (Ossuary)
  9 kobolds
  4 kobold zombies (Ossuary)
  3 leopard gecko skeletons
  An orc zombie (Ossuary)
  A quokka skeleton (D:4)
  9 rats
237 creatures vanquished.

Vanquished Creatures (others)
  An orc (D:11)
  A goblin (D:2)
  A quokka (D:3)
3 creatures vanquished.

Grand Total: 240 creatures vanquished

Notes
Turn   | Place    | Note
-------+----------+-------------------------------------------
     0 | D:1      | Delamore the Hill Orc Fighter began the quest for the Orb.
     0 | D:1      | Reached XP level 1. HP: 19/19 MP: 1/1
    52 | D:1      | Reached skill level 3 in Axes
    90 | D:1      | Reached XP level 2. HP: 17/26 MP: 2/2
   168 | D:1      | Reached skill level 4 in Axes
   431 | D:1      | Reached XP level 3. HP: 31/31 MP: 3/3
   659 | D:2      | Reached skill level 5 in Axes
   768 | D:2      | Found a radiant altar of Vehumet.
   870 | D:2      | Reached XP level 4. HP: 14/39 MP: 4/4
  1072 | D:2      | Found a shimmering altar of Xom.
  1160 | D:2      | Noticed Terence
  1172 | D:2      | Killed Terence
  1172 | D:2      | Reached skill level 6 in Axes
  1751 | D:3      | Reached XP level 5. HP: 45/45 MP: 5/5
  1782 | D:3      | Reached skill level 7 in Axes
  2321 | D:3      | Found a white marble altar of Elyvilon.
  2390 | D:3      | Reached skill level 8 in Axes
  2392 | D:3      | Reached XP level 6. HP: 47/51 MP: 6/6
  3019 | D:4      | Reached skill level 9 in Axes
  3188 | D:4      | Found a sand-covered staircase.
  3198 | Ossuary  | Entered an ossuary
  3428 | Ossuary  | Reached XP level 7. HP: 46/57 MP: 7/7
  3884 | D:4      | Found a staircase to the Ecumenical Temple.
  3894 | Temple   | Entered the Ecumenical Temple
  4117 | D:5      | Entered Level 5 of the Dungeon
  4242 | D:5      | Reached skill level 10 in Axes
  4403 | D:5      | Noticed Prince Ribbit
  4692 | D:5      | Gained mutation: You have a pair of small horns on your
                  | head. [potion of mutation]
  4692 | D:5      | Gained mutation: You have an increased reservoir of magic.
                  | (+10% MP) [potion of mutation]
  4910 | D:4      | Lost mutation: You have a pair of small horns on your head.
                  | [potion of mutation]
  4910 | D:4      | Lost mutation: You have an increased reservoir of magic.
                  | (+10% MP) [potion of mutation]
  4910 | D:4      | Gained mutation: You are partially covered in slimy green
                  | scales. (AC +2) [potion of mutation]
  4910 | D:4      | Gained mutation: Your muscles are strong. (Str +2) [potion
                  | of mutation]
  4910 | D:4      | Gained mutation: Potions are less effective at restoring
                  | your health. [potion of mutation]
  4910 | D:4      | Gained mutation: Your mind is acute. (Int +2) [potion of
                  | mutation]
  5089 | D:5      | Reached skill level 11 in Axes
  5093 | D:5      | Got an encrusted leather armour
  5104 | D:5      | Identified the +1 leather armour "Cyrri" {rF+ Regen+ Dex+3}
                  | (You found it on level 5 of the Dungeon)
  5217 | D:5      | Reached XP level 8. HP: 63/64 MP: 8/8
  5240 | D:5      | Lost mutation: Your muscles are strong. (Str +2) [potion of
                  | mutation]
  5240 | D:5      | Lost mutation: Your mind is acute. (Int +2) [potion of
                  | mutation]
  5240 | D:5      | Gained mutation: Scrolls take you a little longer to read.
                  | [potion of mutation]
  5240 | D:5      | Gained mutation: You have sharp toenails. [potion of
                  | mutation]
  5240 | D:5      | Gained mutation: You have sharp fingernails. [potion of
                  | mutation]
  5241 | D:5      | Lost mutation: Scrolls take you a little longer to read.
                  | [potion of mutation]
  5241 | D:5      | Lost mutation: You have sharp toenails. [potion of
                  | mutation]
  5241 | D:5      | Gained mutation: Your muscles are strong. (Str +2) [potion
                  | of mutation]
  5241 | D:5      | Gained mutation: You are partially covered in large bone
                  | plates. (SH +4) [potion of mutation]
  5274 | D:5      | Noticed Ijyb
  5287 | D:5      | Killed Ijyb
  5758 | D:6      | Reached skill level 12 in Axes
  5950 | D:6      | Reached skill level 13 in Axes
  6011 | D:6      | Noticed Eustachio
  6026 | D:6      | Killed Eustachio
  6042 | D:6      | Found a stormy altar of Qazlal.
  6044 | D:6      | Found an iron altar of Okawaru.
  6045 | D:6      | Found an opulent altar of Gozag.
  6046 | D:6      | Found a shattered altar of Ashenzari.
  6050 | D:6      | Became a worshipper of Qazlal Stormbringer
  6110 | D:6      | Found a blossoming altar of Fedhas.
  6524 | D:7      | Reached skill level 14 in Axes
  6524 | D:7      | Reached XP level 9. HP: 70/70 MP: 9/9
  6763 | D:7      | Found a bloodstained altar of Trog.
  6763 | D:7      | Noticed Menkaure
  6791 | D:7      | Killed Menkaure
  6791 | D:7      | Reached skill level 15 in Axes
  7320 | D:7      | Noticed Pikel
  7545 | D:6      | Killed Pikel
  7545 | D:6      | Reached skill level 16 in Axes
  7829 | D:7      | Found a runed translucent door.
  7830 | D:7      | Noticed Crazy Yiuf
  7895 | D:7      | Killed Crazy Yiuf
  8020 | D:8      | Reached * piety under Qazlal
  8028 | D:8      | Reached XP level 10. HP: 77/77 MP: 10/10
  8131 | D:8      | Reached skill level 17 in Axes
  8296 | D:8      | Found an opulent altar of Gozag.
  9642 | D:9      | Reached ** piety under Qazlal
  9642 | D:9      | Reached skill level 18 in Axes
 10044 | D:9      | Found Hirhal's Gadget Shop.
 10274 | D:10     | Entered Level 10 of the Dungeon
 10346 | D:10     | Noticed a two-headed ogre
 10367 | D:10     | Killed a two-headed ogre
 10367 | D:10     | Reached skill level 19 in Axes
 10460 | D:10     | Noticed an eight-headed hydra
 10511 | D:11     | Noticed a two-headed ogre
 10530 | D:11     | Reached XP level 11. HP: 25/84 MP: 11/11
 10537 | D:11     | Found a staircase to the Lair.
 10543 | D:11     | Killed from afar by an orc priest

Levels and vault maps discovered:
D:1:      dpeg_arrival_leaves_temple_mockup, layout_rooms, serial_forest,
          infiniplex_forest_straight_2, infiniplex_forest_split,
          infiniplex_forest_straight_3, infiniplex_forest_lined_room_2,
          minmay_misc_feat_plants, kennysheep_crisscross
D:2:      layout_basic, lemuel_coloured_pillars_altar, fiery_altar_vehumet,
          minmay_bisected, uniq_terence
D:3:      minmay_inner_zag, layout_loops_corners, elyvilon_altar_4
D:4:      layout_cave_pods, minmay_temple_entry_fiery,
          nicolae_ossuary_entry_monument, first_ration
D:5:      layout_basic, minivault_1, uniq_prince_ribbit1, uniq_ijyb
D:6:      layout_loops_ring, kennysheep_mini_moat, minitemple,
          kennysheep_generic_room_14, uniq_eustachio
D:7:      layout_basic, lemuel_crystal_altar, uniq_crazy_yiuf_cottage,
          uniq_pikel, uniq_menkaure
D:8:      layout_loops_cross, basic_altar, grunt_pizzeria
D:9:      layout_grid_maze, serial_shops, shop_statue
D:10:     layout_basic
D:11:     layout_cave_pools, erik_lair_island, orc_0_dummy, minivault_7
Temple:   nicolae_temple_figure_eight

Skill      XL: |  1  2  3  4  5  6  7  8  9 10 |
---------------+-------------------------------+-----
Axes           | 3 4 5 6 8 9 11 14 16 19 | 19.1
Fighting       | 4 |  4.3
Armour         | |  3.9
Shields        | |  3.2

Action                   |  1- 3 |  4- 6 |  7- 9 | 10-12 || total
-------------------------+-------+-------+-------+-------++-------
Melee: War axe           |   112 |   104 |       |       ||   216
       Hand axe          |       |   159 |   582 |   443 ||  1184
Throw: Dart              |       |       |     2 |       ||     2
Evoke: Wand              |       |       |     5 |       ||     5
  Use: Scroll            |       |       |    14 |     2 ||    16
       Potion            |       |       |    10 |       ||    10
  Eat: Chunk             |       |     9 |    12 |     7 ||    28
       Ration            |       |       |     1 |       ||     1
Armor: Scale mail        |    62 |    68 |    35 |       ||   165
       Leather armour    |       |       |    55 |       ||    55
       Skin              |       |       |    13 |       ||    13
       Plate armour      |       |       |    37 |   147 ||   184
Dodge: Dodged            |    47 |    88 |   122 |    48 ||   305
Block: Shield            |    62 |    94 |   286 |   262 ||   704
